 Dungeon Crawl Stone Soup version 0.26-a0-28-gc929df5585 (webtiles) character file.

Game seed: 11511998996967272314, levelgen mode: deterministic

9 Forecaster the Magician (level 2, -1/22 HPs)
             Began as a Naga Wizard on May 28, 2020.
             Slain by a jackal (2 damage)
             ... on level 1 of the Dungeon.
             The game lasted 00:01:42 (237 turns).

Forecaster the Magician (Naga Wizard)                Turns: 237, Time: 00:01:43

Health: -1/22      AC:  1    Str:  9    XL:     2   Next: 12%
Magic:  0/6        EV: 10    Int: 18    God:
Gold:   19         SH:  0    Dex:  9    Spells: 2/7 levels left

rFire    . . .     SeeInvis +   (no weapon)
rCold    . . .     Gourm    .   (no shield)
rNeg     . . .     Faith    .   a - +0 robe
rPois    +         Spirit   .   b - +0 hat
rElec    .         Reflect  .   (no cloak)
rCorr    .         Harm     .   (no gloves)
MR       .....                  (no barding)
Stlth    ++........             (no amulet)
HPRegen  0.07/turn              (no ring)
MPRegen  0.10/turn              (no ring)

@: very slightly contaminated, very slow
A: large, see invisible, deformed body, poison resistance, slowness 2, slow
metabolism 1, spit poison 1, AC +0
a: Spit Poison


You were on level 1 of the Dungeon.
You were not hungry.

You visited 1 branch of the dungeon, and saw 1 of its levels.

You collected 19 gold pieces.

Inventory:

Armour
 a - a +0 robe (worn)
 b - a +0 hat (worn)
Scrolls
 c - a scroll of remove curse {unknown}
Comestibles
 d - a ration


   Skills:
 + Level 1.8 Dodging
 + Level 3.0 Stealth
 + Level 3.3 Spellcasting
 + Level 1.1 Conjurations
 + Level 1.0 Summonings
 + Level 1.0 Translocations


You had 2 spell levels left.
You knew the following spells:

 Your Spells              Type           Power        Failure   Level  Hunger
a - Magic Dart            Conj           #...         10%         1    None
b - Call Imp              Summ           #.......     16%         2    ##.....
c - Blink                 Tloc           N/A          16%         2    ##.....

Your spell library contained the following spells:

 Spells                   Type           Power        Failure   Level  Hunger
 Slow                     Hex            #.......     24%         2    ##.....
 Conjure Flame            Conj/Fire      #.......     36%         3    ###....
 Mephitic Cloud           Conj/Pois/Air  #.......     38%         3    ###....


Dungeon Overview and Level Annotations

Branches:
Dungeon (1/15)

Altars:


Innate Abilities, Weirdness & Mutations

You cannot wear boots.
Your serpentine skin is tough. (AC +0)
You have supernaturally acute eyesight. (SInv)
Armour fits poorly on your strangely shaped body.
Your system is resistant to poisons. (rPois)
You cover ground very slowly.
You have a slow metabolism.
You can spit poison.


Message History

The jackal bites you.
* * * LOW HITPOINT WARNING * * *
What are your orders? t - Shout!
Orders for allies: a - Attack new target. p - Attack previous target. r - Retreat! s - Stop attacking. g - Guard the area. f - Follow me.
Anything else - Cancel.
Gang up on whom?
Press: ? - help, Dir - move target cursor, f/p - jackal
Aim: a jackal (heavily wounded) Attack!
The jackal bites your white imp but does no damage.
The jackal bites you.
* * * LOW HITPOINT WARNING * * *
Your white imp gestures at the jackal.
The puff of frost hits the jackal!
The jackal dies!
Your crimson imp hits the jackal.
The jackal bites you.
You die...

.
♣♣♣∩.∩♣♣♣♣.>>.......
♣♣∩.....∩♣♣..........
♣∩..♣♣♣..∩♣♣†....>...
♣∩...<...∩♣♣.........
♣∩..♣♣♣..∩♣♣..†......
♣♣∩.. ..∩♣♣......†...
♣♣.∩ ♣.♣♣.>........
.. .♣♣♣
♣...........#.
#...♣♣♣♣♣h@#........#
#.....5........#...#
###.5..#.#.....#.#.#
#h###........# . ...
..#.....# ....
########## ..... ....
....


You could see 2 jackals, a friendly crimson imp (summoned) and a friendly white
imp (summoned).

Vanquished Creatures
  2 leopard geckos (D:1)
  A hobgoblin (D:1)
  A bat (D:1)
  A frilled lizard (D:1)
  A rat (D:1)
6 creatures vanquished.

Vanquished Creatures (collateral kills)
  A jackal (D:1)
  A rat (D:1)
2 creatures vanquished.

Grand Total: 8 creatures vanquished

Notes
Turn   | Place    | Note
-------+----------+-------------------------------------------
     0 | D:1      | Forecaster the Naga Wizard began the quest for the Orb.
     0 | D:1      | Reached XP level 1. HP: 15/15 MP: 4/4
   164 | D:1      | Reached XP level 2. HP: 2/22 MP: 0/6
   168 | D:1      | Learned a level 2 spell: Call Imp
   171 | D:1      | Learned a level 2 spell: Blink
   237 | D:1      | HP: 1/22 [jackal (2)]
   237 | D:1      | Slain by a jackal

Illustrated notes

Levels and vault maps discovered:
D:1:      heliophobic_arrival_henge, layout_rooms

Action                   || total
-------------------------++-------
Melee: Unarmed           ||     8
 Cast: Magic Dart        ||    16
       Call Imp          ||     2
Armor: Robe              ||     1
Dodge: Dodged            ||     6

Table legend:
 A = Non-vault XP
 B = Vault XP
 C = Vault XP percentage of total XP
 D = Non-vault monster count
 E = Vault monster count
 F = Vault count percentage of total count
                 A         B        C        D         E       F
            +---------+---------+-------+---------+---------+-------
      Total |      13 |       0 |   0.0 |       8 |       0 |   0.0
            +---------+---------+-------+---------+---------+-------
        D:1 |      13 |       0 |   0.0 |       8 |       0 |   0.0
            +---------+---------+-------+---------+---------+-------
